 Dungeon Crawl Stone Soup version 0.29.1-12-g30fa7ad0bf (webtiles) character file.

Game seed: 14744969434801785524

520 wormed the Chopper (level 7, 0/61 HPs)
             Began as a Hill Orc Fighter on Dec 25, 2022.
             Slain by Dowan
             ... wielding a +0 dagger
              (2 damage)
             ... on level 4 of the Dungeon.
             The game lasted 00:04:09 (3345 turns).

wormed the Chopper (Hill Orc Fighter)               Turns: 3345, Time: 00:04:09

Health: 0/61       AC:  7    Str: 21    XL:     7   Next: 21%
Magic:  7/7        EV:  9    Int:  8    God:
Gold:   177        SH:  4    Dex: 10    Spells: 6/6 levels left

rFire   . . .      SeeInvis .   a - +0 war axe
rCold   . . .      Faith    .   c - +0 buckler
rNeg    . . .      Spirit   .   b - +0 scale mail
rPois   .          Reflect  .   (no helmet)
rElec   .          Harm     .   (no cloak)
rCorr   .          Rampage  .   (no gloves)
Will    .....                   (no boots)
Stlth   ..........              j - amulet of the acrobat
HPRegen 0.20/turn               (no ring)
MPRegen 0.10/turn               (no ring)

@: mighty
A: no striking features
a: no special abilities


You were on level 4 of the Dungeon.
You visited 1 branch of the dungeon, and saw 4 of its levels.
You also visited: Ossuary.

You collected 177 gold pieces.

Inventory:

Hand Weapons
 a - a +0 war axe (weapon)
 r - a +0 broad axe
Armour
 b - a +0 scale mail (worn)
 c - a +0 buckler (worn)
Jewellery
 j - an amulet of the acrobat (around neck)
 l - a +4 ring of protection
Scrolls
 g - 4 scrolls of immolation {unknown}
 k - 6 scrolls of teleportation {unknown}
 m - a scroll of enchant weapon {unknown}
 n - 5 scrolls of identify {unknown}
 p - a scroll of poison {unknown}
 q - a scroll of brand weapon {unknown}
 s - 2 scrolls of blinking {unknown}
 t - a scroll of fear {unknown}
 w - 2 scrolls of magic mapping {unknown}
 x - 2 scrolls of butterflies {unknown}
Potions
 e - 2 potions of brilliance {unknown}
 f - a potion of attraction {unknown}
 h - 3 potions of mutation {unknown}
 i - 4 potions of curing {unknown}
 o - a potion of cancellation {unknown}
 u - a potion of degeneration {unknown}
 v - 3 potions of magic {unknown}
 z - 2 potions of ambrosia {unknown}
 A - a potion of lignification {unknown}


   Skills:
 + Level 5.3 Fighting
 * Level 6.7 Axes
 + Level 4.9 Armour
 + Level 4.8 Shields


You had 6 spell levels left.
You didn't know any spells.
Your spell library contained the following spells:

 Spells                   Type           Power      Damage    Failure   Level
 Summon Small Mammal      Summ           0%         N/A       82%         1
 Sublimation of Blood     Necr           0%         N/A       91%         2
 Wereblood                Tmut           0%         N/A       91%         2
 Call Canine Familiar     Summ           0%         N/A       99%         3
 Summon Guardian Golem    Hex/Summ       0%         N/A       99%         3
 Animate Dead             Necr           0%         N/A       100%        4
 Borgnjor's Vile Clutch   Necr/Erth      0%         N/A       100%        5
 Death Channel            Necr           0%         N/A       100%        6
 Summon Hydra             Summ           0%         N/A       100%        7


Dungeon Overview and Level Annotations

Branches:
Dungeon (4/15)            Ossuary (visited)
 Temple: D:4-7

Altars:
Ru

Annotations:
D:4 Dowan


Message History

Duvessa hits you with a +0 short sword.
You slash Duvessa!
Duvessa is severely wounded.
You barely miss the adder. You block the adder's attack.
Dowan casts a spell.
Dowan blinks!
Duvessa hits you with a +0 short sword. The adder bites you but does no damage.
Duvessa hits you but does no damage.
You slash Duvessa!
You kill Duvessa!
Dowan's eyes darken. "You have made a black mistake."
Dowan seems to find hidden reserves of power!
You closely miss the adder. The adder barely misses you.
The adder closely misses you.
You have reached level 7!
You barely miss the adder. The adder closely misses you.
You barely miss the adder.
Dowan mumbles some strange words.
Dowan blinks!
The adder bites you. The adder bites you but does no damage.
You slice the adder!!
You kill the adder!
You see here an adder corpse.
You hit Dowan but do no damage.
Dowan is moderately wounded.
Dowan hits you but does no damage. Dowan hits you with a +0 dagger.
You barely miss Dowan.
Dowan is moderately wounded.
Dowan hits you with a +0 dagger.
Dowan gestures wildly while chanting.
Dowan blinks!
Dowan misses you. You block Dowan's attack.
You closely miss Dowan.
Dowan is moderately wounded.
Dowan points at you and mumbles some strange words.
The shard of ice hits you!!
* * * LOW HITPOINT WARNING * * *
You block Dowan's attack.
You closely miss Dowan.
Dowan is moderately wounded.
Dowan hits you but does no damage. Dowan hits you with a +0 dagger.
You die...

. .. .# #..### .#
#.... ## #.##
...### #####. ...
#..## #.....#.#
#... #†)# ####
###@## #..e#
######## ## #.###
.#......# ..# #.#
###.#......# #.#
###.# #.. #......#
#.# ##...#
##.###......##
#.####..###
##............#
######.##...##
##....##........
..........###
###..#.###....†.#.


You could see Dowan (fast).

Vanquished Creatures
  Duvessa (D:4)
  2 elf zombies (D:4)
  A centaur zombie (Ossuary)
  A human zombie (Ossuary)
  2 human skeletons (D:4)
  2 mummies (Ossuary)
  6 adders
  3 adder zombies (Ossuary)
  A worm (D:4)
  A dart slug (D:1)
  6 ball pythons
  An endoplasm (D:3)
  2 giant cockroaches
  6 goblins
  3 hobgoblins
  4 jackals
  8 kobolds
  4 quokkas
  4 bats
  2 frilled lizards (D:1)
  10 hobgoblin zombies (Ossuary)
  A jackal zombie (Ossuary)
  9 kobold zombies (Ossuary)
  7 orc skeletons (D:4)
  10 orc zombies (Ossuary)
  2 rat zombies (Ossuary)
99 creatures vanquished.

Vanquished Creatures (others)
  13 plants (D:1)
13 creatures vanquished.

Grand Total: 112 creatures vanquished

Notes
Turn   | Place    | Note
-------+----------+-------------------------------------------
     0 | D:1      | wormed the Hill Orc Fighter began the quest for the Orb.
     0 | D:1      | Reached XP level 1. HP: 19/19 MP: 1/1
   235 | D:1      | Reached skill level 3 in Axes
   235 | D:1      | Reached XP level 2. HP: 21/27 MP: 2/2
   476 | D:1      | You fall into a shaft and drop 1 floor!
   692 | D:1      | Found a faded altar of an unknown god.
  1098 | D:2      | Reached XP level 3. HP: 33/33 MP: 3/3
  1619 | D:3      | Reached skill level 4 in Axes
  1619 | D:3      | Reached XP level 4. HP: 40/40 MP: 4/4
  2453 | D:4      | Found a sacrificial altar of Ru.
  2509 | D:4      | Found a sand-covered staircase.
  2515 | Ossuary  | Entered an ossuary
  2659 | Ossuary  | Reached skill level 5 in Axes
  2659 | Ossuary  | Reached XP level 5. HP: 31/47 MP: 5/5
  2900 | D:4      | Reached XP level 6. HP: 38/55 MP: 6/6
  3046 | D:4      | Reached skill level 5 in Fighting
  3137 | D:4      | Reached skill level 6 in Axes
  3321 | D:4      | Noticed Dowan
  3322 | D:4      | Noticed Duvessa
  3336 | D:4      | Killed Duvessa
  3337 | D:4      | Reached XP level 7. HP: 24/61 MP: 7/7
  3344 | D:4      | HP: 2/61 [Dowan/shard of ice (19)]
  3345 | D:4      | Slain by Dowan

Illustrated notes

Levels and vault maps discovered:
D:1:      lemuel_arrival_broad_hall, layout_rooms,
          shapermc_ecumenical_altar_flowoftime, kennysheep_boxes
D:2:      layout_loops_ring
D:3:      layout_basic, serial_corexii_hall, chequers_hall_statues_corner_a,
          corexii_hall_statues_i
D:4:      layout_rooms, mainiacjoe_overflow_six_doors_small,
          nicolae_ossuary_entry_catacombs, uniq_menkaure, uniq_duvessa

Skill      XL: |  1  2  3  4  5  6 |
---------------+-------------------+-----
Axes           | 3 4 5 6 |  6.7
Fighting       | 4 5 |  5.3
Armour         | 4 |  4.9
Shields        | 4 |  4.8

Action                   |  1- 3 |  4- 6 |  7- 9 || total
-------------------------+-------+-------+-------++-------
Melee: War axe           |    83 |   214 |     7 ||   304
  Use: Potion            |       |     1 |       ||     1
Armor: Scale mail        |    53 |   103 |     3 ||   159
Dodge: Dodged            |    46 |    98 |     2 ||   146
Block: Buckler           |    24 |    38 |     2 ||    64
